 Dungeon Crawl Stone Soup version 0.28-a0-863-g8cecda6153 (webtiles) character file.

Game seed: 5113460518278069698

315 bande the Covered (level 6, -1/38 HPs)
             Began as a Gargoyle Fighter on Nov 20, 2021.
             Slain by an ogre (6 damage)
             ... on level 4 of the Dungeon.
             The game lasted 00:05:26 (4041 turns).

bande the Covered (Gargoyle Fighter)                Turns: 4041, Time: 00:05:27

Health: -1/38      AC: 11    Str: 21    XL:     6   Next: 43%
Magic:  6/6        EV:  9    Int:  8    God:
Gold:   114        SH:  9    Dex: 10    Spells: 5/5 levels left

rFire   . . .      SeeInvis .   a - +1 war axe
rCold   . . .      Faith    .   c - +0 buckler
rNeg    + . .      Spirit   .   b - +0 scale mail
rPois   ∞          Reflect  +   (no helmet)
rElec   +          Harm     .   (no cloak)
rCorr   .          Rampage  .   (no gloves)
Will    .....                   (no boots)
Stlth   ..........              j - amulet of reflection
HPRegen 0.12/turn               (no ring)
MPRegen 0.10/turn               (no ring)

@: no status effects
A: sickness immunity, AC +4, negative energy resistance 1, electricity
resistance, torment resistance 1, petrification resistance
a: no special abilities


You were on level 4 of the Dungeon.
You visited 1 branch of the dungeon, and saw 5 of its levels.
You also visited: Sewer.

You collected 114 gold pieces.

Inventory:

Hand Weapons
 a - a +1 war axe (weapon)
Armour
 b - a +0 scale mail (worn)
 c - a +0 buckler (worn)
Jewellery
 h - an amulet of magic regeneration
 j - an amulet of reflection (around neck)
Scrolls
 e - a scroll of teleportation
 g - a scroll of identify
 o - a scroll of magic mapping {unknown}
Potions
 d - a potion of might
 f - a potion of haste
 i - a potion of curing {unknown}
 k - a potion of cancellation {unknown}
 l - 2 potions of heal wounds {unknown}
 m - 2 potions of magic {unknown}
 n - a potion of degeneration {unknown}


   Skills:
 + Level 4.2 Fighting
 + Level 4.1 Axes
 + Level 4.8 Armour
 + Level 4.3 Shields


You had 5 spell levels left.
You didn't know any spells.
Your spell library contained the following spells:

 Spells                   Type           Power      Damage    Failure   Level
 Pain                     Necr           0%         1d4       75%         1
 Agony                    Necr           0%         N/A       100%        5
 Excruciating Wounds      Necr           0%         N/A       100%        5


Dungeon Overview and Level Annotations

Branches:
Dungeon (5/15)              Sewer (visited)
 Temple: D:4-7

Altars:
Ashenzari
Vehumet

Shops:
D:2 [

Annotations:
D:3 1 runed translucent door, Crazy Yiuf


Innate Abilities, Weirdness & Mutations

You are immune to sickness and miasma.
Your stone body is resilient. (AC +4)
You are immune to poison.
You resist negative energy. (rN+)
You are resistant to electric shocks. (rElec)
You are resistant to unholy torment.
You are immune to petrification.


Message History

The iguana is almost dead.
You hit the adder. You block the adder's attack. The iguana bites you.
You block the adder's attack.
The iguana hisses menacingly.
The iguana bites you.
You slash the iguana!
You kill the iguana!
You slash the adder!
You kill the adder!
No target in view!
No target in view!
No target in view!
No target in view!
No target in view!
No target in view!
No target in view!
An ogre comes into view. It is wielding a +0 giant club.
Found a stone staircase leading up.
The ogre shouts!
Found a stone staircase leading up.
You see here 14 gold pieces.
You now have 114 gold pieces (gained 14).
Found a whip.
You barely miss the ogre.
The ogre hits you with a +0 giant club!!
Ouch! That really hurt!
* * * LOW HITPOINT WARNING * * *
You slash the ogre!
The ogre is moderately wounded.
You block the ogre's attack.
You barely miss the ogre.
The ogre is moderately wounded.
You block the ogre's attack.
You slash the ogre!
The ogre is severely wounded.
The ogre hits you but does no damage.
You barely miss the ogre.
The ogre is severely wounded.
The ogre hits you with a +0 giant club.
You die...

........................
.##....)........#.......
......[†........#.....##
............##.....##.#
............##...#.# ..
............##..#.... .
............#.........
......................
.......@O............
......##.........#..
...... ......... ......
...<... ###..# .#....<
##. .#..... ..#.... .#
..).


You could see an ogre.

Vanquished Creatures
  A wyvern zombie (D:5)
  An iguana (D:4)
  A scorpion zombie (D:5)
  A killer bee zombie (D:3)
  8 adders
  An adder skeleton (D:4)
  2 worms (D:2)
  5 dart slugs
  8 ball pythons
  3 bats
  5 endoplasms
  3 giant cockroaches
  2 goblins
  9 hobgoblins
  9 jackals
  5 quokkas
  5 frilled lizards
  18 kobolds
  5 rats
  A spectral goblin (D:2)
93 creatures vanquished.

Vanquished Creatures (others)
  13 plants (Sewer)
13 creatures vanquished.

Grand Total: 106 creatures vanquished

Notes
Turn   | Place    | Note
-------+----------+-------------------------------------------
     0 | D:1      | bande the Gargoyle Fighter began the quest for the Orb.
     0 | D:1      | Reached XP level 1. HP: 14/14 MP: 1/1
   153 | D:1      | Reached XP level 2. HP: 19/19 MP: 2/2
   776 | D:1      | Reached XP level 3. HP: 22/23 MP: 3/3
  1666 | D:2      | Reached XP level 4. HP: 29/29 MP: 4/4
  1827 | D:2      | Found Osseclai's Armour Shoppe.
  1945 | D:2      | Found a faded altar of an unknown god.
  2107 | D:3      | Found a broken altar of Ashenzari.
  2558 | D:3      | Found a glowing drain.
  2582 | D:3      | Reached XP level 5. HP: 31/33 MP: 5/5
  2591 | Sewer    | Entered a sewer
  3438 | D:3      | Found a runed translucent door.
  3439 | D:3      | Noticed Crazy Yiuf
  3562 | D:3      | Found a radiant altar of Vehumet.
  3732 | D:3      | You fall into a shaft and drop 2 floors!
  3732 | D:5      | Entered Level 5 of the Dungeon
  3743 | D:5      | Reached XP level 6. HP: 25/38 MP: 6/6
  4041 | D:4      | Slain by an ogre

Illustrated notes

Levels and vault maps discovered:
D:1:      amcnicky_arrival_underground_garden, layout_loops_ring
D:2:      layout_basic, dreamdust_ecumenical_altar_drowned_temple, serial_shops,
          nicolae_square_shop, kennysheep_another_room, solitary_fountain
D:3:      layout_basic, nicolae_vehumet_altar_sigil, evilmike_ruin_ashenzari,
          gup_sewer_entry_glass, grunt_ministairs_4, corexii_corridor_pit,
          palyth_stone_intersect, uniq_crazy_yiuf_cottage
D:4:      layout_cave_pools, kennysheep_orc_sif_temple
D:5:      layout_cave_pods, minmay_temple_entry_mini_moons,
          corexii_corridor_pit, minmay_stone_trees_small, uniq_blork_the_orc

Skill      XL: |  1  2  3  4  5  6 |
---------------+-------------------+-----
Axes           | 2 3 4 |  4.1
Armour         | 4 |  4.8
Fighting       | 4 |  4.2
Shields        | 4 |  4.3

Action                   |  1- 3 |  4- 6 || total
-------------------------+-------+-------++-------
Melee: War axe           |   114 |   240 ||   354
  Use: Scroll            |     6 |     2 ||     8
Armor: Scale mail        |    59 |   107 ||   166
Dodge: Dodged            |    50 |    98 ||   148
Block: Buckler           |    39 |   151 ||   190
       Reflection        |     1 |     2 ||     3

Table legend: (Time is in decaauts)
 A = Elapsed time spent in this place.
 B = Non-inter-level travel time spent in this place.
 C = Inter-level travel time spent in this place.
 D = Time resting spent in this place.
 E = Time spent auto-exploring this place.
 F = Levels seen in this place.
 G = Mean time per level.
                   A        B        C        D        E       F      G
               +--------+--------+--------+--------+--------+-----+--------+
         Total |   4321 |   4321 |      0 |    218 |   3179 |   6 |  720.2 |
       Dungeon |   3368 |   3368 |      0 |    218 |   2476 |   5 |  673.6 |
         Sewer |    953 |    953 |      0 |      0 |    703 |   1 |  953.0 |
               +--------+--------+--------+--------+--------+-----+--------+

Top non-repeatable levels by time:
     D:1: 1185 daAuts
   Sewer: 953 daAuts
     D:3: 934 daAuts
     D:2: 931 daAuts
     D:5: 246 daAuts
     D:4: 70 daAuts
